Map: Post-Youth LE

Players

Lambo - Winner!

  • Race: Zerg Zerg
  • League: Grandmaster
  • Spawn Location: 7:00

LiquidClem (Clem)

  • Race: Terran Terran
  • League: Grandmaster
  • Spawn Location: 1:00

VOD

Have the link to the VOD?

Description

Time

  • Played on: May 14, 2024, 11:49 a.m.
  • Length: 11:02
Show
View Real Time Build Order
Export as new Build Order

Lambo Zerg - Winner!

Build Orders: Hatch First 

Get SALT Encoding   

  12  0:00  Drone  
  13  0:12  Overlord  
  13  0:17  Drone  
  14  0:30  Drone x2  
  16  0:48  Hatchery  
  15  0:52  Drone  
  15  0:55  Drone  
  17  0:59  Drone  
  18  1:09  Extractor  
  17  1:15  Spawning Pool  
  17  1:18  Drone  
  17  1:21  Drone  
  18  1:29  Drone  
  19  1:39  Drone  
  20  1:49  Drone  
  21  2:01  Queen  
  21  2:02  Queen, Zergling x4  
  27  2:14  Hatchery  
  26  2:19  Overlord  
  26  2:22  Drone  
  27  2:26  Drone  
  27  2:37  Drone x3  
  27  2:41  Queen  
  32  2:46  Overlord  
  32  2:48  Metabolic Boost  
  32  2:52  Drone  
  32  2:58  Queen  
  35  3:07  Drone x2  
  37  3:14  Drone x5  
  37  3:19  Overlord  
  42  3:24  Overlord  
  43  3:29  Queen, Overlord  
  43  3:30  Roach Warren  
  43  3:36  Overlord  
  43  3:40  Queen  
  45  3:43  Zergling x4  
  45  3:47  Zergling x2  
  48  3:51  Zergling x6  
  48  3:55  Zergling x2, Extractor  
  52  4:02  Zergling x2  
  52  4:10  Overlord  
  52  4:12  Overlord  
  52  4:13  Drone x3  
  54  4:24  Drone x4  
  54  4:27  Drone  
  54  4:29  Lair  
  58  4:31  Extractor  
  58  4:32  Hatchery  
  58  4:33  Drone  
  58  4:35  Drone x2  
  58  4:36  Drone  
  60  4:42  Drone  
  61  4:46  Drone  
  61  4:47  Extractor, Evolution Chamber  
  61  4:48  Drone  
  61  4:49  Evolution Chamber  
  60  4:59  Drone x4  
  63  5:03  Drone x3  
  63  5:05  Overlord  
  66  5:11  Drone  
  66  5:13  Drone  
  68  5:16  Zerg Ground Armor Level 1, Zerg Missile Weapons Level 1  
  68  5:20  Drone  
  69  5:23  Drone  
  69  5:26  Drone x3  
  73  5:29  Glial Reconstitution  
  73  5:33  Drone x2  
  75  5:37  Roach x3  
  81  5:48  Drone x3  
  84  5:51  Extractor  
  84  5:53  Extractor  
  84  5:54  Roach x2  
  86  5:57  Overlord  
  86  5:58  Drone x3  
  86  6:00  Roach x2  
  93  6:07  Overlord  
  93  6:08  Drone x2  
  95  6:13  Infestation Pit  
  95  6:14  Baneling Nest  
  93  6:20  Drone x4  
  93  6:24  Roach, Hatchery  
  93  6:25  Roach  
  100  6:29  Drone  
  100  6:31  Spore Crawler  
  100  6:32  Roach x2  
  104  6:36  Drone  
  102  6:41  Drone x3  
  102  6:45  Overlord  
  102  6:46  Overlord x2  
  102  6:47  Overlord  
  105  6:52  Hive  
  105  6:54  Overlord  
  105  7:00  Overlord  
  105  7:02  Overlord  
  105  7:04  Centrifugal Hooks, Overlord  
  105  7:07  Overlord  
  103  7:15  Roach x5  
  113  7:16  Drone x2  
  113  7:19  Drone x3  
  113  7:21  Infestor  
  120  7:23  Roach  
  120  7:25  Drone x2  
  124  7:30  Drone x2  
  124  7:33  Zerg Ground Armor Level 2  
  124  7:34  Zerg Melee Weapons Level 1  
  124  7:36  Ravager x4  
  130  7:45  Zergling x2  
  130  7:46  Zergling x4  
  133  7:52  Zergling x12  
  133  7:55  Hatchery  
  133  7:56  Overlord  
  133  7:58  Drone x2  
  140  8:04  Zergling x16  
  146  8:09  Viper x2  
  146  8:10  Viper  
  146  8:11  Ultralisk Cavern  
  154  8:15  Zergling x8  
  158  8:21  Zergling x8  
  158  8:22  Baneling x13  
  160  8:29  Zergling x14  
  160  8:33  Zergling x6  
  164  8:38  Zergling x6, Extractor  
  164  8:40  Overseer  
  166  8:42  Baneling x8  
  166  8:43  Baneling x4  
  166  8:45  Drone x3  
  166  8:47  Zergling x8  
  173  8:51  Zergling x6  
  173  8:53  Queen  
  173  8:54  Zergling x2  
  173  8:55  Baneling x5  
  173  8:58  Zergling x6  
  164  9:03  Zergling x12  
  157  9:10  Zergling x8  
  157  9:13  Baneling x8  
  153  9:18  Zergling x10  
  146  9:27  Zergling x18  
  146  9:29  Zergling x2  
  150  9:36  Chitinous Plating  
  150  9:40  Drone x5  
  150  9:45  Drone  
  156  9:46  Drone  
  156  9:48  Ultralisk x2  
  156  9:52  Zergling x2, Ultralisk  
  172  9:58  Zergling x10  
  176  10:01  Queen  
  176  10:03  Zergling x6  
  181  10:08  Ravager  
  181  10:09  Ravager  
  181  10:11  Zergling x12  
  181  10:13  Baneling x4  
  189  10:14  Baneling x2  
  189  10:15  Baneling  
  189  10:20  Zergling x2  
  189  10:23  Overlord x2  
  177  10:31  Zergling x18  
  177  10:37  Zergling x8  
Show
View Real Time Build Order
Export as new Build Order

LiquidClem Terran 

Build Orders:  

Get SALT Encoding   

  12  0:00  SCV  
  13  0:12  SCV  
  14  0:17  Supply Depot  
  14  0:24  SCV  
  15  0:39  SCV, Barracks  
  16  0:45  Refinery  
  16  0:51  SCV  
  17  1:03  SCV, Barracks  
  18  1:15  SCV  
  19  1:27  Orbital Command  
  19  1:28  Reaper  
  19  1:31  Supply Depot  
  20  1:51  Reaper  
  20  1:52  SCV  
  22  2:04  Reaper  
  22  2:06  SCV  
  24  2:11  Command Center  
  24  2:18  SCV  
  24  2:19  Refinery  
  25  2:23  Reaper  
  26  2:30  SCV  
  27  2:42  SCV, Reaper  
  29  2:53  Command Center  
  29  2:55  SCV  
  30  3:03  Factory  
  30  3:07  SCV  
  31  3:14  Barracks Reactor  
  31  3:15  Barracks Tech Lab  
  31  3:23  SCV  
  31  3:26  Orbital Command  
  32  3:35  SCV, Stimpack  
  32  3:38  Marine  
  34  3:47  SCV  
  35  3:51  Marine x2  
  35  3:53  SCV  
  38  3:57  Starport  
  38  3:58  Marine  
  38  4:01  Factory Reactor  
  40  4:02  SCV  
  40  4:05  SCV  
  40  4:09  Marine x2  
  42  4:14  SCV  
  42  4:16  Marine  
  45  4:18  SCV  
  45  4:26  SCV  
  45  4:27  Orbital Command, Marine x2  
  45  4:31  SCV  
  45  4:34  Marine  
  46  4:38  SCV  
  46  4:39  Medivac  
  46  4:40  Refinery  
  46  4:42  Factory Reactor  
  46  4:43  SCV  
  46  4:44  Barracks  
  46  4:45  Marine  
  51  4:46  Medivac  
  51  4:47  Marine  
  51  4:50  SCV  
  51  4:52  Refinery  
  55  4:53  Marine  
  55  4:55  SCV  
  55  4:56  Supply Depot  
  57  5:02  Marine  
  57  5:04  Engineering Bay  
  57  5:05  SCV  
  57  5:06  Engineering Bay  
  59  5:07  SCV  
  59  5:08  Marine  
  45  5:14  Orbital Command  
  61  5:18  SCV, Marine  
  61  5:19  SCV  
  61  5:20  Marine  
  65  5:22  Hellion x2  
  65  5:27  Supply Depot  
  69  5:32  Terran Infantry Armor Level 1, Terran Infantry Weapons Level 1  
  69  5:35  Starport Reactor  
  69  5:44  Marine  
  69  5:48  SCV x3, Marine x4  
  69  5:49  Supply Depot  
  76  5:53  Barracks  
  76  5:54  Barracks  
  76  5:55  Supply Depot  
  76  6:00  SCV  
  76  6:01  Supply Depot  
  76  6:04  SCV x2  
  83  6:05  Marine  
  83  6:07  Combat Shield  
  83  6:10  Marine x2  
  82  6:13  SCV  
  82  6:15  Marine  
  82  6:16  Supply Depot, Factory Tech Lab  
  82  6:17  Marine  
  85  6:19  SCV  
  85  6:22  SCV  
  85  6:24  Marine  
  88  6:25  SCV  
  88  6:27  Medivac  
  88  6:29  Medivac  
  88  6:32  Marine x2  
  94  6:35  SCV  
  94  6:37  Marine  
  94  6:39  SCV  
  98  6:42  Marine  
  98  6:44  Siege Tank, Barracks Reactor  
  98  6:46  SCV  
  103  6:48  Supply Depot  
  103  6:49  Marine  
  103  6:50  Marine  
  103  6:51  Bunker  
  105  6:54  Factory  
  105  6:55  SCV  
  105  6:56  Marine  
  105  6:59  Medivac  
  105  7:00  Marine x2  
  111  7:04  Supply Depot, Marine  
  111  7:07  SCV  
  111  7:08  SCV  
  111  7:09  SCV  
  111  7:13  Marine  
  111  7:14  Marine  
  111  7:15  Marine  
  111  7:16  Armory  
  111  7:18  Siege Tank  
  111  7:20  SCV  
  115  7:24  Medivac, Marine  
  115  7:25  Marine x4  
  122  7:30  Refinery  
  122  7:31  Supply Depot, Refinery  
  122  7:32  Supply Depot  
  122  7:38  SCV x3  
  122  7:39  Factory Tech Lab  
  122  7:41  Marine x3  
  122  7:42  Supply Depot  
  122  7:43  Marauder  
  130  7:45  Marine  
  130  7:46  Marine  
  130  7:47  Marine  
  133  7:52  Marine  
  133  7:53  Siege Tank, Concussive Shells  
  133  7:54  Medivac  
  133  7:57  Medivac  
  141  7:59  Marine  
  141  8:00  Supply Depot  
  141  8:03  Marine  
  141  8:04  Marine x2  
  141  8:05  Marauder  
  146  8:07  Terran Infantry Weapons Level 2  
  146  8:11  Terran Infantry Armor Level 2  
  146  8:14  Siege Tank  
  146  8:16  Terran Vehicle Weapons Level 1  
  146  8:19  Marine  
  150  8:21  Supply Depot, Marine x2  
  150  8:23  Marine  
  150  8:24  Marine  
  153  8:30  Siege Tank, Medivac  
  153  8:31  Marine  
  153  8:33  Marine  
  153  8:36  Marine  
  153  8:38  Marine  
  154  8:46  Siege Tank  
  157  8:52  Barracks  
  157  8:55  Marine  
  150  8:59  Barracks  
  150  9:01  Marine x2  
  150  9:02  Siege Tank, Marine x2, Barracks  
  147  9:05  Medivac, Marine  
  137  9:10  Marine x3  
  137  9:12  Viking  
  139  9:18  Siege Tank  
  139  9:23  Marine x3  
  131  9:25  Marine  
  131  9:26  Marine  
  127  9:32  Marine x2  
  127  9:34  Siege Tank  
  127  9:37  Command Center  
  129  9:44  Barracks Tech Lab  
  129  9:45  Marine x4  
  130  9:46  Marine  
  130  9:50  Siege Tank  
  130  9:52  Marine x3  
  128  9:56  Viking  
  128  9:57  Viking  
  129  10:00  Marine  
  129  10:05  Marauder, Barracks Tech Lab x2  
  129  10:06  Siege Tank, Marine  
  129  10:07  Marine x3  
  135  10:09  Marine  
  135  10:11  Marine  
  135  10:12  Marine  
  141  10:15  Sensor Tower, Marine  
  141  10:18  Marine  
  143  10:24  Siege Tank, Marine  
  143  10:26  Marine  
  143  10:27  Marine  
  146  10:29  Marine  
  146  10:32  Marine x2  
  146  10:33  Marine  
  146  10:35  Marine x3  
  134  10:36  Marine  
  134  10:37  Marine  
Tags
 
Add a new tag
Caveats
  • Supply blocks, unpowered buildings, or Contaminate may cause inaccurate times.
  • Supply counts are checked every 10 seconds.